 Dungeon Crawl Stone Soup version 0.19-a0-1682-g5114f93 (webtiles) character file.

74 rgaf the Shooter (level 4, -2/49 HPs)
             Began as a Centaur Hunter on Sept 25, 2016.
             Slain by an orc wizard
             ... wielding a +0 dagger
              (3 damage)
             ... on level 3 of the Dungeon.
             The game lasted 00:04:22 (2334 turns).

rgaf the Shooter (Centaur Hunter)                   Turns: 2334, Time: 00:04:22

Health: -2/49      AC: 23    Str: 14    XL:     4   Next: 10%
Magic:  4/4        EV:  1    Int: 11    God:
Gold:   112        SH:  0    Dex:  8    Spells: 0 memorised, 3 levels left

rFire  + . .     SeeInvis .     b - +0 whip
rCold  + . .     Gourm    .     (armour currently unavailable)
rNeg   + + +     Faith    .     (no shield)
rPois  +         Spirit   .     (helmet currently unavailable)
rElec  +         Dismiss  .     (cloak currently unavailable)
rCorr  +         Reflect  .     (gloves currently unavailable)
MR     .....     Harm     .     (no barding)
Stlth  +......... NoTele   +    (no amulet)
                                (no ring)
                                (no ring)

@: tree-form, resistant
A: (hooves 0), repulsion field 1, clumsy 1, (deformed body), (speed 0), frail 1,
(tough skin 0)
a: no special abilities


You were on level 3 of the Dungeon.
You were hungry.
You were a tree.
You visited 1 branch of the dungeon, and saw 3 of its levels.

You collected 112 gold pieces.

Inventory:

Hand Weapons
 a - a +1 shortbow
 b - a +0 whip (weapon)
Missiles
 d - 59 arrows
Armour
 c - a +0 leather armour (melded)
Jewellery
 h - a cursed ring of teleportation {unknown}
 p - a cursed +5 amulet of reflection {unknown}
 q - an uncursed ring of resist corrosion {unknown}
Scrolls
 e - a scroll of remove curse {unknown}
 g - a scroll of fear {unknown}
 l - a scroll of identify {unknown}
 m - a scroll of magic mapping {unknown}
 n - a scroll of noise {unknown}
Potions
 k - a potion of cancellation
Comestibles
 f - a bread ration
 o - 2 fruits


   Skills:
 + Level 2.6 Fighting
 * Level 2.0 Maces & Flails
 + Level 6.0 Bows
 + Level 0.5 Armour
 - Level 1.3 Dodging
 - Level 0.5 Stealth


You had 3 spell levels left.
You didn't know any spells.

Dungeon Overview and Level Annotations

Branches:
Dungeon (3/15)

Altars:
Hepliaklqana
Uskayaw
The Shining One


Innate Abilities, Weirdness & Mutations

((You have hooves in place of feet.))
((Armour fits poorly on your strangely shaped body.))
((You cover ground very quickly.))
((You have extremely tough skin. (AC +3)))
You are surrounded by a mild repulsion field. (EV +2)
You are clumsy. (Dex -2)
You are frail. (-10% HP)


Message History

The orc wizard hits you but does no damage.
You hit the orc wizard but do no damage.
The orc wizard is severely wounded.
The orc hits you but does no damage. The orc wizard casts a spell at you.
You resist with some effort.
You barely miss the orc wizard.
The orc wizard is severely wounded.
The orc hits you but does no damage. The orc wizard hits you with a dagger.
* * * LOW HITPOINT WARNING * * *
You closely miss the orc wizard.
The orc wizard is severely wounded.
The orc hits you but does no damage.
The orc wizard hits you but does no damage.
You closely miss the orc wizard.
The orc wizard is severely wounded.
The orc hits you.
* * * LOW HITPOINT WARNING * * *
The orc wizard hits you with a dagger.
You die...

### ######.#
#<.....#
######.# #.# #.#
#########(#
######.(().(...#
(..(...♣########
......oo#
.......(#
........#
........#
(......[#
........#
.(.....(.
........#


You could see an orc wizard and an orc.

Vanquished Creatures
  3 adders
  A worm (D:2)
  2 leopard geckos (D:1)
  3 orcs (D:3)
  3 bats
  8 giant cockroaches
  3 hobgoblins
  2 jackals (D:1)
  8 kobolds
  A ball python (D:2)
  2 frilled lizards
  A goblin (D:2)
  3 rats
40 creatures vanquished.

Notes
Turn   | Place    | Note
-------+----------+-------------------------------------------
     0 | D:1      | rgaf the Centaur Hunter began the quest for the Orb.
     0 | D:1      | Reached XP level 1. HP: 17/17 MP: 1/1
   437 | D:1      | Reached XP level 2. HP: 24/24 MP: 2/2
   719 | D:1      | Reached skill level 1 in Maces & Flails
   852 | D:1      | Reached XP level 3. HP: 8/30 MP: 3/3
  1687 | D:2      | Found a hazy altar of Hepliaklqana.
  1923 | D:2      | Found a hide-covered altar of Uskayaw.
  1923 | D:2      | Found a glowing golden altar of the Shining One.
  2202 | D:3      | Reached skill level 6 in Bows
  2230 | D:3      | Reached XP level 4. HP: 28/37 MP: 4/4
  2315 | D:3      | Gained mutation: You are surrounded by a mild repulsion field. (EV +2) [potion of mutation]
  2315 | D:3      | Gained mutation: You are frail. (-10% HP) [potion of mutation]
  2315 | D:3      | Gained mutation: You are clumsy. (Dex -2) [potion of mutation]
  2334 | D:3      | HP: 1/49 [orc (3)]
  2334 | D:3      | Slain by an orc wizard

Vault maps used:
D:1:      dpeg_arrival_rooms_b
D:2:      nicolae_overflow_crystal_walls, gammafunk_temple_overflow_wave,
          kennysheep_generic_room_14
D:3:      lemuel_coloured_pillars_altar, lemuel_round_altar,
          portal_sewer_entry_b, kennysheep_cross_bottleneck,
          serial_bayou_pond_c, minivault_23, minmay_misc_feat_cross, uniq_robin

Skill      XL: |  1  2  3 |
---------------+----------+-----
Maces & Flails | 1 2 |  2.0
Bows           | 6 |  6.0
Fighting       | |  2.6
Armour         | |  0.5
Dodging        | |  1.3
Stealth        | |  0.5

Action                   |  1- 3 |  4- 6 || total
-------------------------+-------+-------++-------
Melee: Short sword       |    25 |       ||    25
       Kick              |    23 |     3 ||    26
       Whip              |   128 |    17 ||   145
 Fire: Shortbow          |    12 |    10 ||    22
  Use: Potion            |       |     4 ||     4
  Eat: Chunk             |     3 |       ||     3
Armor: Leather armour    |    68 |     4 ||    72
       Skin              |       |    19 ||    19
Dodge: Dodged            |    63 |     3 ||    66
